 Dungeon Crawl Stone Soup version 0.29.1-14-g9c671dbff4 (webtiles) character file.

Game seed: 4878861999433658742

357 protoss039 the Digger (level 6, -3/47 HPs)
             Began as a Demonspawn Earth Elementalist on Feb 16, 2023.
             Slain by Pikel
             ... wielding a +2 whip of freezing
              (8 damage)
             ... on level 4 of the Dungeon.
             The game lasted 00:09:00 (5288 turns).

protoss039 the Digger (DsEE)                        Turns: 5288, Time: 00:09:01

Health: -3/47      AC: 15    Str:  8    XL:     6   Next: 37%
Magic:  1/11       EV: 10    Int: 19    God:
Gold:   300        SH:  4    Dex: 13    Spells: 6/12 levels left

rFire   . . .      SeeInvis .   f - +1 short sword (speed)
rCold   + . .      Faith    .   (no shield)
rNeg    . . .      Spirit   .   l - +2 ring mail {rC+}
rPois   .          Reflect  .   c - +1 helmet
rElec   .          Harm     .   (no cloak)
rCorr   .          Rampage  .   (no gloves)
Will    .....                   (no boots)
Stlth   +.........              (no amulet)
HPRegen 0.15/turn               (no ring)
MPRegen 0.12/turn               (no ring)

@: sanguine armoured, hasted, very quick
A: spiny 1, sanguine armour 1, condensation shield
a: no special abilities


You were on level 4 of the Dungeon.
You visited 1 branch of the dungeon, and saw 4 of its levels.

You collected 300 gold pieces.

Inventory:

Hand Weapons
 f - a +1 short sword of speed (weapon)
Armour
 c - a +1 helmet (worn)
 l - a +2 ring mail of cold resistance (worn)
Jewellery
 d - a +4 ring of protection
Scrolls
 h - 2 scrolls of silence
 j - 2 scrolls of enchant weapon
 n - a scroll of noise {unknown}
Potions
 a - a potion of attraction
 b - a potion of magic
 g - a potion of degeneration
 o - a potion of might {unknown}


   Skills:
 + Level 3.1 Fighting
 - Level 1.7 Dodging
 - Level 1.7 Stealth
 + Level 3.6 Spellcasting
 + Level 2.5 Conjurations
 - Level 0.8 Transmutations
 + Level 4.1 Earth Magic


You had 6 spell levels left.
You knew the following spells:

 Your Spells              Type           Power      Damage    Failure   Level
a - Sandblast             Erth           38%        2d10      9%          1
b - Passwall              Tmut/Erth      10%        N/A       24%         2
c - Stone Arrow           Conj/Erth      32%        3d9       34%         3

Your spell library contained the following spells:

 Spells                   Type           Power      Damage    Failure   Level
 Blink                    Tloc           6%         N/A       56%         2
 Gell's Gravitas          Tloc           3%         N/A       80%         3
 Lesser Beckoning         Tloc           3%         N/A       80%         3
 Teleport Other           Tloc           3%         N/A       80%         3
 Petrify                  Tmut/Erth      12%        N/A       85%         4
 Manifold Assault         Tloc           3%         N/A       100%        5


Dungeon Overview and Level Annotations

Branches:
Dungeon (4/15) Zot: 18626
 Temple: D:4-7

Altars:
Okawaru
Wu Jian
Yredelemnul

Shops:
D:4 (

Annotations:
D:3 2 transporters, p0werm0de's ghost, amateur PaCK
D:4 Pikel


Innate Abilities, Weirdness & Mutations

You are partially covered in sharp spines.
When seriously injured, your blood forms armour. (AC +6)
A meltable shield of frost defends you. (SH +4)


Message History

Press: ? - help, Shift-Dir - straight line, f/p - Pikel
Aim: Pikel, wielding a +2 whip of freezing and wearing a +2 robe (heavily wounded, 60% to hit)
The stone arrow hits Pikel!
Pikel is almost dead.
Pikel says, "I just want to get paid!"
Pikel is struck by your spines.
Pikel hits you with a +2 whip of freezing!
* * * LOW HITPOINT WARNING * * *
Pikel freezes you.
* * * LOW HITPOINT WARNING * * *
Casting: Stone Arrow (quite dangerous; 34% risk of failure)
Confirm with . or Enter, or press ? or * to list all spells.
The spell is quite dangerous to miscast (34% risk of failure)!
Continue anyway? [Y]es or [N]o only, please.
The spell is quite dangerous to miscast (34% risk of failure)!
Continue anyway?
Aiming: Stone Arrow (quite dangerous; 34% risk of failure)
Press: ? - help, Shift-Dir - straight line, f/p - Pikel
Aim: Pikel, wielding a +2 whip of freezing and wearing a +2 robe (almost dead, 60% to hit)
The stone arrow hits Pikel.
Pikel is almost dead.
Pikel hits you but does no damage.
Unknown command.
Unknown command.
Casting: Stone Arrow (quite dangerous; 34% risk of failure)
Confirm with . or Enter, or press ? or * to list all spells.
The spell is quite dangerous to miscast (34% risk of failure)!
Continue anyway?
Aiming: Stone Arrow (quite dangerous; 34% risk of failure)
Press: ? - help, Shift-Dir - straight line, f/p - Pikel
Aim: Pikel, wielding a +2 whip of freezing and wearing a +2 robe (almost dead, 60% to hit)
The stone arrow misses Pikel.
Pikel hits you but does no damage.
Unknown command.
Unknown command.
You feel better. Pikel misses you.
Your magical contamination has completely faded away.
Pikel attacks as you move away!
Pikel hits you with a +2 whip of freezing.
* * * LOW HITPOINT WARNING * * *
You feel yourself speed up. Pikel is struck by your spines.
Pikel hits you with a +2 whip of freezing!
You die...

.#..........#.#..###.############
#............##...##.g.g.gr......
......[........#..###############
.....(............# #
#.#####[..###..).<## ..#
##..######...# ### #....[......#
##.######...# #.######@.##
#.......K.# ########..#
###########..# #>......)....# ###
#.#######...## ####.. #.#
####...#### #####8.8.8 #.#
#.........# #.....⌠.). #.#
#.........# #.###8.∩.8


You could see Pikel.

Vanquished Creatures
  A black bear (D:4)
  4 lemures (D:4)
  A bullfrog (D:4)
  An orc priest (D:4)
  4 gnolls
  6 adders
  7 orcs
  4 bats
  5 endoplasms
  3 giant cockroaches
  7 goblins
  8 hobgoblins
  2 quokkas
  3 ball pythons
  5 frilled lizards
  3 kobolds
  23 rats
87 creatures vanquished.

Notes
Turn   | Place    | Note
-------+----------+-------------------------------------------
     0 | D:1      | protoss039 the Demonspawn Earth Elementalist began the
                  | quest for the Orb.
     0 | D:1      | Reached XP level 1. HP: 13/13 MP: 3/3
   538 | D:1      | Gained mutation: When seriously injured, your blood forms
                  | armour. (AC +6) [demonic ancestry]
   538 | D:1      | Reached XP level 2. HP: 20/20 MP: 1/5
   900 | D:1      | Found a faded altar of an unknown god.
   986 | D:1      | Learned a level 2 spell: Passwall
  1002 | D:2      | Reached skill level 1 in Fighting
  1002 | D:2      | Reached skill level 3 in Earth Magic
  1155 | D:2      | Reached XP level 3. HP: 26/26 MP: 3/6
  1432 | D:2      | Found a basalt altar of Yredelemnul.
  1571 | D:2      | Learned a level 3 spell: Stone Arrow
  1848 | D:3      | Found an iron altar of Okawaru.
  1888 | D:3      | Gained mutation: A meltable shield of frost defends you.
                  | (SH +4) [demonic ancestry]
  1888 | D:3      | Reached XP level 4. HP: 33/33 MP: 6/8
  2084 | D:3      | Found a transporter.
  2085 | D:3      | Noticed p0werm0de's ghost (amateur PaCK)
  2086 | D:3      | Found a transporter.
  2088 | D:3      | Identified the +2 great mace "Cinim" {vorpal, Str+3}
  2088 | D:3      | Noticed an ogre
  2103 | D:3      | Noticed an ogre
  2619 | D:3      | Found an ornate altar of the Wu Jian Council.
  2813 | D:3      | Reached skill level 1 in Conjurations
  2983 | D:4      | Found Hiwyt's Weapon Emporium.
  3010 | D:4      | Noticed Pikel
  3080 | D:4      | Noticed a bullfrog
  3619 | D:4      | Gained mutation: You are partially covered in sharp spines.
                  | [demonic ancestry]
  3619 | D:4      | Reached XP level 5. HP: 26/38 MP: 3/9
  3843 | D:4      | Noticed a lemure
  3843 | D:4      | Noticed a lemure
  3843 | D:4      | Noticed a lemure
  3843 | D:4      | Noticed a lemure
  3848 | D:4      | Killed a lemure
  3859 | D:4      | Killed a lemure
  3870 | D:4      | Killed a lemure
  3881 | D:4      | Killed a lemure
  4948 | D:4      | Reached XP level 6. HP: 46/46 MP: 11/11
  5071 | D:4      | Reached skill level 4 in Earth Magic
  5281 | D:4      | HP: 1/47 [Pikel/+2 whip of freezing (2)]
  5288 | D:4      | Slain by Pikel

Illustrated notes

Levels and vault maps discovered:
D:1:      saegor_arrival_simple_a, layout_basic,
          shapermc_ecumenical_altar_mp_ritualfount
D:2:      layout_rooms, basic_altar
D:3:      layout_loops_corners, pdpol_wu_jian_five_deadly_venoms,
          mainiacjoe_overflow_swirl, gammafunk_ghost_smash, serial_rivers,
          chequers_serial_rivers_micro_a, chequers_serial_rivers_small_a,
          chequers_serial_rivers_micro_d, chequers_serial_rivers_micro_e,
          guppyfry_early_orc_mine
D:4:      layout_loops_ring, serial_shops,
          nicolae_shop_temple_entry_statues_fountains,
          minmay_misc_feat_secret_circle, minmay_rat_hole, uniq_pikel

Skill      XL: |  1  2  3  4  5  6 |
---------------+-------------------+-----
Fighting       | 1 2 3 |  3.1
Earth Magic    | 3 4 |  4.1
Conjurations   | 1 2 |  2.5
Spellcasting   | 3 |  3.6
Dodging        | |  1.7
Stealth        | |  1.7
Transmutations | |  0.8

Action                   |  1- 3 |  4- 6 || total
-------------------------+-------+-------++-------
Melee: Unarmed           |    12 |       ||    12
       Whip              |     5 |       ||     5
       Club              |    29 |    48 ||    77
       Punch             |     1 |       ||     1
       Short sword       |       |    74 ||    74
 Cast: Sandblast         |    45 |    99 ||   144
       Stone Arrow       |       |     3 ||     3
  Use: Scroll            |       |    11 ||    11
       Potion            |       |     5 ||     5
 Stab: Sleeping          |     2 |       ||     2
Armor: Robe              |     3 |       ||     3
       Ring mail         |    20 |    76 ||    96
Dodge: Dodged            |    46 |   117 ||   163
Block: Other             |       |    33 ||    33
